 Dungeon Crawl Stone Soup version 0.30-a0-913-g9934a0ce24 (webtiles) character file.

Game seed: 9278080056257075898

221 cforsyth the Covered (level 6, -4/49 HPs)
             Began as a Human Fighter on Mar 19, 2023.
             Slain by a gnoll
             ... wielding a +0 club
              (7 damage)
             ... on level 3 of the Dungeon.
             The game lasted 00:05:38 (2133 turns).

cforsyth the Covered (Human Fighter)                Turns: 2133, Time: 00:05:39

Health: -4/49      AC:  7    Str: 18    XL:     6   Next: 19%
Magic:  6/6        EV:  9    Int:  8    God:
Gold:   133        SH:  5    Dex: 13    Spells: 5/5 levels left

rFire   . . .      SeeInvis .    a - +0 flail
rCold   . . .      Faith    .    c - +0 buckler
rNeg    . . .      Spirit   .    b - +0 scale mail
rPois   .          Reflect  .    (no helmet)
rElec   .          Rampage  .    (no cloak)
rCorr   .                        (no gloves)
Will    .....                    (no boots) Stlth
                                 (no amulet)
HPRegen 0.28/turn                (no ring)
MPRegen 0.10/turn                (no ring)

@: mighty, attractive
A: no striking features
a: no special abilities


You were on level 3 of the Dungeon.
You visited 1 branch of the dungeon, and saw 3 of its levels.

You collected 133 gold pieces.

Inventory:

Hand Weapons
 a - a +0 flail (weapon)
Armour
 b - a +0 scale mail (worn)
 c - a +0 buckler (worn)
Jewellery
 k - a ring of poison resistance
 q - a ring of positive energy
Scrolls
 g - a scroll of enchant armour {unknown}
 h - a scroll of blinking {unknown}
 i - 2 scrolls of fog {unknown}
 j - 2 scrolls of teleportation {unknown}
 l - a scroll of brand weapon {unknown}
 m - 2 scrolls of identify {unknown}
 n - a scroll of magic mapping {unknown}
 p - a scroll of enchant weapon {unknown}
 r - a scroll of butterflies {unknown}
 s - a scroll of noise {unknown}
Potions
 d - 5 potions of might
 e - a potion of curing {unknown}
 f - 2 potions of attraction
 o - a potion of cancellation {unknown}


   Skills:
 + Level 4.4 Fighting
 - Level 2.0 Maces & Flails
 + Level 4.4 Armour
 + Level 4.4 Shields


You had 5 spell levels left.
You didn't know any spells.
Your spell library contained the following spells:

 Spells                   Type           Power      Damage    Failure   Level
 Apportation              Tloc           0%         N/A       86%         1
 Necrotise                Necr           0%         1d4       86%         1
 Summon Small Mammal      Summ           0%         N/A       86%         1


Dungeon Overview and Level Annotations

Branches:
Dungeon (3/15)

Altars:
Nemelex Xobeh

Annotations:
D:2 1 runed translucent door, Crazy Yiuf
D:3 1 runed translucent door, AverageBear's ghost, amateur OpFi


Message History

The gnoll hits you from afar with a +0 spear.
You block the gnoll's attack. The gnoll closely misses you.
The gnoll hits you but does no damage.
Your unstable footing causes you to fumble your attack.
You block the gnoll's attack. The gnoll hits you with a +0 flail.
The gnoll hits you from afar with a +0 spear.
Your unstable footing causes you to fumble your attack.
The gnoll hits you but does no damage.
The gnoll hits you from afar with a +0 spear.
The gnoll hits you but does no damage.
Your unstable footing causes you to fumble your attack.
The gnoll hits you but does no damage.
The gnoll splashes around in the water.
The gnoll barely misses you. The gnoll hits you with a +0 club.
The gnoll barely misses you. The gnoll attacks as you move away!
The gnoll hits you but does no damage. x2
The gnoll barely misses you. The gnoll attacks as you move away!
The gnoll hits you with a +0 club.
You see here a +0 club.
The gnoll attacks as you move away! The gnoll hits you with a +0 club.
You see here a rat corpse.
You barely miss the gnoll. The gnoll hits you with a +0 flail!
The gnoll hits you but does no damage.
You barely miss the gnoll. The gnoll hits you with a +0 flail.
* * * LOW HITPOINT WARNING * * *
Unknown command.
It was a potion of attraction.
You feel attractive to monsters. You block the gnoll's attack.
You feel very mighty all of a sudden. The gnoll hits you but does no damage.
You completely miss the gnoll. The gnoll hits you with a +0 flail.
* * * LOW HITPOINT WARNING * * *
You sock the gnoll!
You kill the gnoll!
You thump the gnoll!
You kill the gnoll!
You barely miss the gnoll. The gnoll hits you with a +0 club.
* * * LOW HITPOINT WARNING * * *
The gnoll hits you but does no damage. The gnoll hits you with a +0 club!
You die...

#.... #####''''############
.....................
~~~~~....~~~~~~~~≈~~~
≈≈≈≈~....~≈≈≈≈≈≈≈≈≈≈≈
~~~~~....≈g~~~~~~~~~≈
................."...
.......>......#############
#######.......gg@...#.....#
# #.#####.####.###.##.# #
#.#...#.#........##.# #
#.#.#.#.#.##.##.....# #
#.#.#.#.#.##.##.###.# #
#.#.#.#<#.##.##.# ### #
#####.#.#.###.##.##.#
#.......#...†....##.#
#.............#####.#


You could see 2 gnolls.

Vanquished Creatures
  A scorpion (D:3)
  Jessica (D:2)
  5 gnolls
  An adder (D:2)
  A worm (D:3)
  A dart slug (D:3)
  An orc (D:3)
  6 ball pythons
  2 bats (D:1)
  3 endoplasms
  2 giant cockroaches
  5 goblins
  12 hobgoblins
  12 jackals
  3 quokkas
  4 frilled lizards
  5 kobolds
  6 rats
71 creatures vanquished.

Vanquished Creatures (others)
  A fungus (D:3)
  A plant (D:3)
2 creatures vanquished.

Grand Total: 73 creatures vanquished

Notes
Turn   | Place    | Note
-------+----------+-------------------------------------------
     0 | D:1      | cforsyth the Human Fighter began the quest for the Orb.
     0 | D:1      | Reached XP level 1. HP: 18/18 MP: 1/1
   151 | D:1      | Reached XP level 2. HP: 18/24 MP: 2/2
   346 | D:1      | Reached XP level 3. HP: 20/29 MP: 3/3
  1087 | D:2      | Reached XP level 4. HP: 35/35 MP: 4/4
  1111 | D:2      | Identified the +8 spear of Adanica {distort, Dex+2}
  1141 | D:2      | Found a faded altar of an unknown god.
  1199 | D:2      | Found a sparkling altar of Nemelex Xobeh.
  1234 | D:2      | Found a runed translucent door.
  1235 | D:2      | Noticed Crazy Yiuf
  1396 | D:2      | Noticed Jessica
  1398 | D:2      | Killed Jessica
  1399 | D:2      | Reached XP level 5. HP: 40/42 MP: 5/5
  1905 | D:3      | Found a runed translucent door.
  1949 | D:3      | Noticed AverageBear's ghost (amateur OpFi)
  2079 | D:3      | Reached XP level 6. HP: 48/48 MP: 6/6
  2133 | D:3      | Slain by a gnoll

Illustrated notes

Levels and vault maps discovered:
D:1:      dpeg_arrival_houses_and_road, layout_basic, minmay_strange_pillars
D:2:      layout_loops_cross, basic_ecumenical_altar, basic_altar, uniq_jessica,
          uniq_crazy_yiuf_cottage
D:3:      lemuel_castle_with_subvaults [lemuel_castle_interior_carwin_1],
          layout_basic, ebering_ghost_sewer_d

Skill      XL: |  1  2  3  4  5 |
---------------+----------------+-----
Armour         | 4 |  4.4
Shields        | 4 |  4.4
Fighting       | 4 |  4.4
Maces & Flails | |  2.0

Action                     |  1- 3 |  4- 6 || total
---------------------------+-------+-------++-------
  Melee: Flail             |    98 |   111 ||   209
    Use: Potion            |       |     2 ||     2
 Armour: Scale mail        |    48 |    47 ||    95
  Dodge: Dodged            |    56 |    44 ||   100
  Block: Buckler           |    29 |    33 ||    62

Table legend: (Time is in decaauts)
 A = Elapsed time spent in this place.
 B = Non-inter-level travel time spent in this place.
 C = Inter-level travel time spent in this place.
 D = Time resting spent in this place.
 E = Time spent auto-exploring this place.
 F = Levels seen in this place.
 G = Mean time per level.
                   A        B        C        D        E       F      G
               +--------+--------+--------+--------+--------+-----+--------+
         Total |   2204 |   2132 |     72 |      0 |   1623 |   3 |  734.7 |
       Dungeon |   2204 |   2132 |     72 |      0 |   1623 |   3 |  734.7 |
               +--------+--------+--------+--------+--------+-----+--------+

Top non-repeatable levels by time:
     D:2: 923 daAuts
     D:1: 871 daAuts
     D:3: 409 daAuts
